 Dungeon Crawl Stone Soup version 0.31-a0-265-gcf7e37af1d (webtiles) character file.

Game seed: 10741936258039802098

91 qw the Shooter (level 4, 0/36 HPs)
             Began as a Minotaur Hexslinger on July 13, 2023.
             Killed from afar by an orc wizard (9 damage)
             ... with a puff of flame
             ... on level 3 of the Dungeon.
             The game lasted 00:00:41 (1796 turns).

qw the Shooter (Minotaur Hexslinger)                Turns: 1796, Time: 00:00:42

Health: 0/36       AC:  7    Str: 13    XL:     4   Next: 34%
Magic:  4/4        EV: 11    Int: 10    God:
Gold:   110        SH:  0    Dex: 14    Spells: 4/5 levels left

rFire   . . .        Y - +1 sling
rCold   . . .        (no shield)
rNeg    . . .        g - +1 ring mail {rPois}
rPois   +            (helmet restricted)
rElec   .            b - +0 cloak
rCorr   .            (no gloves)
SInv    .            (no boots)
Will    .....        (no amulet)
Stlth   +            (no ring)
HPRegen 0.26/turn    (no ring)
MPRegen 0.09/turn

%: no passive effects
@: no status effects
A: horns 2, retaliatory headbutt
a: no special abilities


You were on level 3 of the Dungeon.
You visited 1 branch of the dungeon, and saw 3 of its levels.

You collected 110 gold pieces.


Innate Abilities, Weirdness & Mutations

You have a pair of horns on your head.
You reflexively headbutt those who attack you in melee.


   Skills:
 - Level 2.1 Fighting
 + Level 4.7 Ranged Weapons
 - Level 1.0 Armour
 - Level 2.1 Dodging
 - Level 1.0 Spellcasting
 - Level 2.0 Hexes


You had 4 spell levels left.
You knew the following spells:

 Your Spells              Type           Power      Damage    Failure   Level
a - Slow                  Hex            16%        N/A       32%         1

Your spell library contained the following spells:

 Spells                   Type           Power      Damage    Failure   Level
 Inner Flame              Hex/Fire       2%         N/A       82%         3
 Portal Projectile        Hex/Tloc       4%         N/A       82%         3
 Cause Fear               Hex            2%         N/A       97%         4

Inventory:

Hand Weapons
 Y - a +1 sling (weapon)
Armour
 b - a +0 cloak (worn)
 g - a +1 ring mail of poison resistance (worn)
Scrolls
 a - a scroll of identify
 d - a scroll of acquirement {unknown}
Potions
 c - a potion of degeneration {unknown}
 e - a potion of invisibility {unknown}
 f - a potion of magic {unknown}

Dungeon Overview and Level Annotations

Branches:
Dungeon (3/15)

Altars:
Fedhas


Message History

Something hits you. Something hits you but does no damage.
You shoot a sling bullet.
You feel less confused. Something hits you but does no damage.
You shoot a sling bullet. Something hits you but does no damage.
You shoot a sling bullet. Something hits you.
You shoot a sling bullet. Something hits you.
Something hits you but does no damage.
You shoot a sling bullet. Something hits you.
You shoot a sling bullet.
You hear some strange, mumbled words.
A puff of flame appears from out of thin air!
The puff of flame hits you.
You shoot a sling bullet. Something hits you but does no damage.
You shoot a sling bullet.
An orc wizard appears from thin air!
Reactivating autopickup.
The orc wizard hits you with a +0 dagger.
The orc wizard closely misses you.
You shoot a sling bullet.
The sling bullet closely misses the orc wizard.
The orc wizard barely misses you. You furiously retaliate!
You headbutt the orc wizard! You shoot a sling bullet.
The sling bullet hits the orc wizard but does no damage.
The orc wizard is severely wounded.
The orc wizard hits you but does no damage.
You shoot a sling bullet.
The sling bullet barely misses the orc wizard.
The orc wizard hits you with a +0 dagger.
The orc wizard hits you but does no damage.
You shoot a sling bullet. The sling bullet hits the orc wizard.
The orc wizard is almost dead.
The orc wizard casts a spell at you. The puff of flame hits you!
You die...

##########
#........#
#####.)......#
#$...o@......#
$...##))......#
. ##..######
##.## #..# #.##
#.# #.# #.#


You could see an orc wizard.

Vanquished Creatures
  3 adders
  A worm (D:2)
  2 dart slugs
  3 orcs (D:3)
  7 endoplasms
  2 giant cockroaches (D:1)
  2 goblins
  2 hobgoblins (D:1)
  7 jackals
  5 kobolds
  4 quokkas
  4 bats
  5 frilled lizards
  3 rats
50 creatures vanquished.

Notes
Turn   | Place    | Note
-------+----------+-------------------------------------------
     0 | D:1      | qw the Minotaur Hexslinger began the quest for the Orb.
     0 | D:1      | Reached XP level 1. HP: 16/16 MP: 1/1
     0 | D:1      | 0 ||| qw: Version: 0.3-a-52-g30416fa
     0 | D:1      | 0 ||| qw: Game counter: 7645
     0 | D:1      | 0 ||| qw: Melee chars always use a shield: true
     0 | D:1      | 0 ||| qw: God list: Okawaru
     0 | D:1      | 0 ||| qw: Allow faded altars: false
     0 | D:1      | 0 ||| qw: Do Orc after clearing Dungeon:15 true
     0 | D:1      | 0 ||| qw: Do second Lair branch before Depths: true
     0 | D:1      | 0 ||| qw: Lair rune preference: random
     0 | D:1      | 0 ||| qw: Goals: Normal
     0 | D:1      | 0 ||| PLANNING D:1-11
   131 | D:1      | Reached skill level 3 in Ranged Weapons
   160 | D:1      | Reached XP level 2. HP: 23/23 MP: 2/2
   703 | D:1      | 703 ||| UPGRADING to +0 leather armour.
   713 | D:1      | 713 ||| DROPPING +0 robe.
   714 | D:1      | 714 ||| READING scroll labelled GIQ RAORHIRUI.
   715 | D:1      | 715 ||| READING scroll labelled GAYG BANAETT.
   716 | D:1      | 716 ||| READING scroll labelled EHUME HOATAO.
   717 | D:1      | 717 ||| READING scroll labelled DONNUYXKODDY.
   718 | D:1      | 718 ||| READING scroll labelled DIDOLA OZACEI.
   719 | D:1      | 719 ||| DROPPING scroll of poison.
   813 | D:2      | Reached XP level 3. HP: 29/29 MP: 3/3
   843 | D:2      | HP: 5/29 [dart slug/slug dart (3)]
   845 | D:2      | HP: 2/29 [poisoned by an adder]
  1119 | D:2      | Reached skill level 4 in Ranged Weapons
  1468 | D:2      | Found a blossoming altar of Fedhas.
  1547 | D:2      | Reached XP level 4. HP: 33/36 MP: 4/4
  1633 | D:2      | 1633 ||| UPGRADING to +0 cloak.
  1638 | D:2      | 1638 ||| UPGRADING to +1 ring mail of poison resistance.
  1648 | D:2      | 1648 ||| DROPPING +0 leather armour.
  1690 | D:3      | Reached skill level 1 in Armour
  1790 | D:3      | HP: 9/36 [something/puff of flame (4)]
  1795 | D:3      | HP: 8/36 [orc wizard/+0 dagger (1)]
  1796 | D:3      | Killed from afar by an orc wizard

Levels and vault maps discovered:
D:1:      dpeg_arrival_rooms_b, layout_loops_ring
D:2:      layout_basic, basic_altar, serial_corexii_hall,
          chequers_hall_statues_y, corexii_hall_statues_s, nicolae_the_louvre
D:3:      layout_rooms

Skill      XL: |  1  2  3  4 |
---------------+-------------+-----
Ranged Weapons | 3 4 |  4.7
Fighting       | 2 |  2.1
Armour         | 1 |  1.0
Dodging        | |  2.1
Spellcasting   | |  1.0
Hexes          | |  2.0

Action                     |  1- 3 |  4- 6 || total
---------------------------+-------+-------++-------
   Fire: Sling             |   123 |    49 ||   172
    Use: Scroll            |     5 |       ||     5
 Armour: Robe              |     2 |       ||     2
         Leather armour    |     8 |       ||     8
         Ring mail         |       |    31 ||    31
  Dodge: Dodged            |    39 |    23 ||    62

Table legend:
 A = Non-vault XP
 B = Vault XP
 C = Vault XP percentage of total XP
 D = Non-vault monster count
 E = Vault monster count
 F = Vault count percentage of total count
                 A         B        C        D         E       F
            +---------+---------+-------+---------+---------+-------
      Total |     131 |       0 |   0.0 |      50 |       0 |   0.0
            +---------+---------+-------+---------+---------+-------
        D:1 |      38 |       0 |   0.0 |      20 |       0 |   0.0
        D:2 |      66 |       0 |   0.0 |      23 |       0 |   0.0
        D:3 |      27 |       0 |   0.0 |       7 |       0 |   0.0
            +---------+---------+-------+---------+---------+-------
